 Dungeon Crawl Stone Soup version 0.29.1-1-gd02db6906a (webtiles) character file.

Game seed: 3298401438731163928

576 groovy9 the Chiller (level 7, -3/36 HPs)
             Began as a Gargoyle Ice Elementalist on Sept 19, 2022.
             Slain by Menkaure (4 damage)
             ... on level 4 of the Dungeon.
             The game lasted 00:13:29 (3591 turns).

groovy9 the Chiller (Gargoyle Ice Elementalist)     Turns: 3591, Time: 00:13:29

Health: -3/36      AC: 14    Str: 18    XL:     7   Next: 35%
Magic:  11/14      EV: 11    Int: 17    God:
Gold:   318        SH:  0    Dex: 10    Spells: 5/16 levels left

rFire   . . .      SeeInvis .   n - +0 dagger
rCold   . . .      Faith    .   (no shield)
rNeg    + . .      Spirit   .   a - +0 robe
rPois   ∞          Reflect  .   m - +0 helmet
rElec   +          Harm     .   (no cloak)
rCorr   .          Rampage  .   (no gloves)
Will    .....                   (no boots)
Stlth   +.........              (no amulet)
HPRegen 0.12/turn               d - +6 ring of strength
MPRegen 0.14/turn               (no ring)

@: ice-armoured, silenced
A: sickness immunity, AC +4, negative energy resistance 1, electricity
resistance, torment resistance 1, petrification resistance
a: no special abilities


You were on level 4 of the Dungeon.
You visited 1 branch of the dungeon, and saw 4 of its levels.

You collected 318 gold pieces.

Inventory:

Hand Weapons
 n - a +0 dagger (weapon)
Missiles
 k - 2 curare-tipped darts
Armour
 a - a +0 robe (worn)
 m - a +0 helmet (worn)
Jewellery
 d - a +6 ring of strength (left hand)
Wands
 h - a wand of flame (19)
Scrolls
 j - a scroll of immolation
 l - 2 scrolls of teleportation
Potions
 c - a potion of invisibility
 e - 4 potions of curing
 f - a potion of might {unknown}
 g - a potion of haste {unknown}
 i - 2 potions of attraction
 o - 2 potions of heal wounds


   Skills:
 - Level 1.5 Dodging
 - Level 2.1 Stealth
 + Level 5.2 Spellcasting
 + Level 6.7 Ice Magic


You had 5 spell levels left.
You knew the following spells:

 Your Spells              Type           Power      Damage    Failure   Level
a - Freeze                Ice            100%       1d11      1%          1
b - Frozen Ramparts       Ice            54%        1d9       2%          3
c - Ozocubu's Armour      Ice            27%        N/A       2%          3
d - Hailstorm             Conj/Ice       15%        3d5       34%         4

Your spell library contained the following spells:

 Spells                   Type           Power      Damage    Failure   Level
 Sandblast                Erth           8%         2d5       14%         1
 Passwall                 Tmut/Erth      3%         N/A       22%         2
 Stone Arrow              Conj/Erth      8%         3d7       38%         3


Dungeon Overview and Level Annotations

Branches:
Dungeon (4/15)
 Temple: D:4-7

Altars:
Uskayaw

Shops:
D:4 (

Annotations:
D:4 Menkaure


Innate Abilities, Weirdness & Mutations

You are immune to sickness and miasma.
Your stone body is resilient. (AC +4)
You are immune to poison.
You resist negative energy. (rN+)
You are resistant to electric shocks. (rElec)
You are resistant to unholy torment.
You are immune to petrification.


Message History

Press: ? - help, Q - select action, (/) - cycle Shift-Dir - straight line, f/p - Menkaure
Aim: Menkaure (heavily damaged)
You freeze Menkaure.
Menkaure resists.
Menkaure is heavily damaged.
The frozen ramparts melt away.
Menkaure barely misses you.
As you read the scroll of silence, it crumbles to dust.
A profound silence engulfs you. Menkaure hits you.
* * * LOW HITPOINT WARNING * * *
Your icy armour will break if you move.
Continue?
Okay, then.
You hit Menkaure but do no damage.
Menkaure is heavily damaged.
Menkaure barely misses you.
You barely miss Menkaure.
Menkaure is heavily damaged.
Menkaure hits you but does no damage.
You hit Menkaure.
Menkaure is severely damaged.
You barely miss Menkaure.
Menkaure is severely damaged.
Menkaure hits you but does no damage.
You hit Menkaure.
Menkaure is severely damaged.
Menkaure hits you.
* * * LOW HITPOINT WARNING * * *
You barely miss Menkaure.
Menkaure is severely damaged.
Menkaure barely misses you.
You hit Menkaure.
Menkaure is almost destroyed.
Menkaure barely misses you.
You barely miss Menkaure.
Menkaure is almost destroyed.
You hit Menkaure but do no damage.
Menkaure is almost destroyed.
Menkaure barely misses you.
You barely miss Menkaure.
Menkaure is almost destroyed.
Menkaure hits you.
You die...

#.# #.# ######### #.# #
#.......####.####.#
#.......#..#.#...
##............#.##
+.<..............#
#.........##...#########.
#..........'.M@'.))).(...
#..........#...###..####.
#..........##### ..#
#............ ..#
#†######.#.## ..# ###.#
.#.# ..# ....######.# #
... ...).......# .##
#####...####


You could see Menkaure.

Vanquished Creatures
  A water moccasin (D:4)
  A black bear (D:4)
  2 scorpions (D:4)
  2 hounds (D:4)
  An iguana (D:3)
  Natasha (thrice) (D:3)
  Robin (D:4)
  3 adders
  2 dart slugs (D:1)
  7 orcs
  A bat (D:2)
  3 endoplasms
  3 giant cockroaches
  9 goblins
  7 hobgoblins
  4 jackals (D:1)
  2 kobolds
  A quokka (D:1)
  4 ball pythons
  A frilled lizard (D:3)
  7 rats
65 creatures vanquished.

Notes
Turn   | Place    | Note
-------+----------+-------------------------------------------
     0 | D:1      | groovy9 the Gargoyle Ice Elementalist began the quest for
                  | the Orb.
     0 | D:1      | Reached XP level 1. HP: 10/10 MP: 3/3
   374 | D:1      | Reached XP level 2. HP: 10/15 MP: 0/5
  1069 | D:2      | Reached XP level 3. HP: 19/19 MP: 4/6
  1341 | D:2      | Found a faded altar of an unknown god.
  1662 | D:2      | Learned a level 3 spell: Frozen Ramparts
  1801 | D:3      | Reached XP level 4. HP: 24/24 MP: 2/8
  1895 | D:3      | Noticed Natasha
  1904 | D:3      | Killed Natasha
  1905 | D:3      | Reached skill level 5 in Ice Magic
  2212 | D:3      | Noticed Natasha
  2237 | D:3      | Killed Natasha
  2238 | D:3      | Reached XP level 5. HP: 15/28 MP: 1/10
  2519 | D:3      | Noticed Natasha
  2523 | D:3      | Killed Natasha
  2704 | D:3      | Found a hide-covered altar of Uskayaw.
  2705 | D:3      | Noticed a +0 hand axe
  2706 | D:3      | Noticed a +0 hand axe
  2982 | D:3      | Learned a level 3 spell: Ozocubu's Armour
  2987 | D:3      | Learned a level 4 spell: Hailstorm
  3109 | D:4      | Found Waoskabi's Antique Weapon Shoppe.
  3121 | D:4      | Noticed a black bear
  3132 | D:4      | Reached XP level 6. HP: 26/32 MP: 7/12
  3203 | D:4      | Killed a black bear
  3204 | D:4      | Reached skill level 6 in Ice Magic
  3220 | D:4      | Noticed Menkaure
  3369 | D:4      | Noticed a water moccasin
  3379 | D:4      | Killed a water moccasin
  3380 | D:4      | Reached skill level 5 in Spellcasting
  3380 | D:4      | Reached XP level 7. HP: 36/36 MP: 4/14
  3495 | D:4      | Noticed Robin
  3504 | D:4      | Killed Robin
  3586 | D:4      | HP: 1/36 [Menkaure (4)]
  3591 | D:4      | Slain by Menkaure

Illustrated notes

Levels and vault maps discovered:
D:1:      nicolae_arrival_memento_mori, layout_basic
D:2:      layout_rooms, nicolae_ecumenical_snake_handling
D:3:      layout_loops_cross, dancing_weapons_uskayaw, dreamdust_wishing_well,
          uniq_natasha
D:4:      layout_basic, serial_shops, shop, uniq_robin, uniq_pikel,
          uniq_menkaure

Skill      XL: |  1  2  3  4  5  6 |
---------------+-------------------+-----
Spellcasting   | 3 4 5 |  5.2
Ice Magic      | 5 6 |  6.7
Dodging        | |  1.5
Stealth        | |  2.1

Action                   |  1- 3 |  4- 6 |  7- 9 || total
-------------------------+-------+-------+-------++-------
Melee: Short sword       |    17 |       |       ||    17
       Punch             |     1 |       |       ||     1
       Dagger            |     5 |       |    10 ||    15
 Cast: Freeze            |    46 |    59 |    11 ||   116
       Ozocubu's Armour  |       |     2 |     4 ||     6
       Frozen Ramparts   |       |     2 |     3 ||     5
  Use: Scroll            |     6 |     4 |     1 ||    11
       Potion            |       |     1 |     1 ||     2
Armor: Robe              |    19 |    12 |     5 ||    36
Dodge: Dodged            |    29 |    21 |     9 ||    59
